 Dungeon Crawl Stone Soup version 0.21-a0-460-g737a915 (webtiles) character file.

125 KristoblXynda the Conjurer (level 5, 0/31 HPs)
             Began as an Octopode Conjurer on Nov 20, 2017.
             Succumbed to kobold's curare-tipped needle
             ... on level 3 of the Dungeon.
             The game lasted 00:05:34 (2868 turns).

KristoblXynda the Conjurer (Octopode Conjurer)      Turns: 2868, Time: 00:05:35

Health: 0/31       AC:  1    Str:  8    XL:     5   Next: 9%
Magic:  7/8        EV: 13    Int: 18    God:
Gold:   169        SH:  4    Dex: 14    Spells: 2/10 levels left

rFire    . . .     SeeInvis .   f - +0 dagger
rCold    . . .     Gourm    .   (no shield)
rNeg     . . .     Faith    .   (helmet restricted)
rPois    .         Spirit   .   (no amulet)
rElec    .         Reflect  .   (no ring)
rCorr    .         Harm     .   (no ring)
MR       .....                  (no ring)
Stlth    ++++......             (no ring)
HPRegen  0.10/turn              (no ring)
MPRegen  0.11/turn              (no ring)
                                (no ring)
                                (no ring)

@: lethally poisoned (0 -> -3)
A: almost no armour, stealthy swim, amphibious, 8 rings, constrict 8, large bone
plates 1, camouflage 1, agile 1, low mp 1, gelatinous body 1
a: no special abilities


You were on level 3 of the Dungeon.
You were completely stuffed.

You visited 1 branch of the dungeon, and saw 3 of its levels.

You collected 169 gold pieces.

Inventory:

Hand Weapons
 f - a +0 dagger (weapon)
Jewellery
 k - an uncursed amulet of rage {unknown}
Scrolls
 j - a scroll of amnesia
Books
 a - a book of Conjurations

   Spells                             Type                      Level
   a - Magic Dart                     Conjuration                  1
   b - Searing Ray                    Conjuration                  2
   c - Dazzling Spray                 Conjuration/Hexes            3
   d - Fulminant Prism                Conjuration/Hexes            4
   e - Force Lance                    Conjuration/Translocation    4
   f - Iskenderun's Mystic Blast      Conjuration                  4
Comestibles
 b - a bread ration
 c - a chunk of flesh
 i - 3 royal jellies


   Skills:
 - Level 2.0 Dodging
 + Level 4.6 Stealth
 + Level 3.1 Spellcasting
 + Level 4.8 Conjurations


You had 2 spell levels left.
You knew the following spells:

 Your Spells              Type           Power        Failure   Level  Hunger
a - Magic Dart            Conj           ###.         2%          1    None
b - Dazzling Spray        Conj/Hex       ##....       19%         3    ###....
c - Iskenderun's Mystic   Conj           ###.....     22%         4    ####...


Dungeon Overview and Level Annotations

Branches:
Dungeon (3/15)

Altars:


Innate Abilities, Weirdness & Mutations

You cannot wear most types of armour.
You are very stealthy in the water. (Stealth+)
You are amphibious.
You can wear up to eight rings at the same time.
You can use your tentacles to constrict eight enemies at once.
Your skin changes colour to match your surroundings (Stealth+).
Your rubbery body absorbs attacks. (AC +1, EV +1)
You are partially covered in large bone plates. (SH +4)
You are agile. (Dex +2)
Your magical capacity is low. (-10% MP)


Message History

* * * LOW HITPOINT WARNING * * *
You feel sick.
* * * LOW HITPOINT WARNING * * *
You feel sick.
* * * LOW HITPOINT WARNING * * *
You feel sick.
* * * LOW HITPOINT WARNING * * *
You feel sick.
* * * LOW HITPOINT WARNING * * *
You feel sick.
You feel yourself speed up.
* * * LOW HITPOINT WARNING * * *
You feel sick.
* * * LOW HITPOINT WARNING * * *
You feel sick.
* * * LOW HITPOINT WARNING * * *
You feel sick.
* * * LOW HITPOINT WARNING * * *
You feel sick.
You die...

#. #... ....##. #...
##...##.######...
#.....#..........
#.....#..#####... #.....#.)#
#... ####.....#..# #...
.#.##........#..#####...
.......@(....#.....))...
...##........#..#####..# #
######......# #..#
#.#..#########).....#####..#
....S.......$..............#
......########..#.........##
..... #..#.......... #.##
............... #
.......>.###....


There were no monsters in sight!

Vanquished Creatures
  A scorpion (D:3)
  2 adders
  An ooze (D:2)
  3 leopard geckos (D:2)
  3 orcs (D:3)
  2 giant cockroaches
  3 goblins
  7 hobgoblins
  3 jackals (D:1)
  6 kobolds
  A ball python (D:3)
  4 bats
  7 frilled lizards
  6 rats
49 creatures vanquished.

Notes
Turn   | Place    | Note
-------+----------+-------------------------------------------
     0 | D:1      | KristoblXynda the Octopode Conjurer began the quest for the Orb.
     0 | D:1      | Reached XP level 1. HP: 11/11 MP: 3/3
   398 | D:1      | Reached XP level 2. HP: 17/17 MP: 0/5
   897 | D:1      | You fall through a shaft!
   952 | D:2      | Reached XP level 3. HP: 21/21 MP: 4/6
  2354 | D:2      | Learned a level 3 spell: Dazzling Spray
  2676 | D:3      | Reached XP level 4. HP: 27/27 MP: 5/8
  2753 | D:3      | Learned a level 4 spell: Iskenderun's Mystic Blast
  2805 | D:3      | Gained mutation: You are agile. (Dex +2) [potion of mutation]
  2805 | D:3      | Gained mutation: Your magical capacity is low. (-10% MP) [potion of mutation]
  2805 | D:3      | Gained mutation: You are partially covered in large bone plates. (SH +4) [potion of mutation]
  2821 | D:3      | Reached XP level 5. HP: 25/31 MP: 3/8
  2864 | D:3      | HP: 1/31 [poisoned by kobold (curare-tipped needle)]
  2868 | D:3      | Succumbed to kobold's curare-tipped needle

Vault maps used:
D:1:      saegor_arrival_simple_e, serial_bayou_pond_a, minivault_25,
          feat_on_display
D:2:      minmay_ruptured
D:3:      serial_bayou_lagoon_a

Skill      XL: |  1  2  3  4 |
---------------+-------------+-----
Stealth        | 3 4 |  4.6
Spellcasting   | 3 |  3.1
Dodging        | |  2.0
Conjurations   | |  4.8

Action                   |  1- 3 |  4- 6 || total
-------------------------+-------+-------++-------
Melee: Unarmed           |    23 |       ||    23
       Constrict         |    11 |     3 ||    14
       Tentacles         |     6 |     1 ||     7
       Dagger            |     9 |    11 ||    20
 Cast: Magic Dart        |    73 |    18 ||    91
       Dazzling Spray    |       |     2 ||     2
  Use: Potion            |       |     6 ||     6
       Scroll            |       |     4 ||     4
 Stab: Sleeping          |     1 |     2 ||     3
       Invisible         |       |     1 ||     1
  Eat: Chunk             |     3 |     1 ||     4
       Royal jelly       |     1 |       ||     1
       Fruit             |     1 |       ||     1
       Bread ration      |       |     2 ||     2
Armor: Skin              |     4 |     1 ||     5
Dodge: Dodged            |    41 |     3 ||    44

Table legend:
 A = Spawn XP
 B = Non-spawn XP
 C = Spawn XP percentage of total XP
 D = Spawn monster count
 E = Non-spawn monster count
 F = Spawn count percentage of total count
 G = Total turns spent on level
                    A         B        C        D         E        F      G
               +---------+---------+-------+---------+---------+-------+---------
         Total |       0 |     179 |   0.0 |       0 |      49 |   0.0 |  2868
               +---------+---------+-------+---------+---------+-------+---------
           D:1 |       0 |      28 |   0.0 |       0 |      17 |   0.0 |   956
           D:2 |       0 |      52 |   0.0 |       0 |      22 |   0.0 |  1612
           D:3 |       0 |      99 |   0.0 |       0 |      10 |   0.0 |   300
               +---------+---------+-------+---------+---------+-------+---------
